 Dungeon Crawl Stone Soup version 0.26-a0-665-gefeb406119 (webtiles) character file.

Game seed: 9838283706053318109

520854 miscthings the Severer (level 24, -10/224 HPs)
             Began as a Palentonga Delver on Oct 15, 2020.
             Was a High Priest of Makhleb.
             Killed from afar by a lich (53 damage)
             ... with an iron shot
             ... on level 4 of the Depths.
             The game lasted 03:01:44 (51968 turns).

miscthings the Severer (Palentonga Delver)         Turns: 51968, Time: 03:01:45

Health: -10/224    AC: 32    Str: 15 (16) XL:     24   Next: 10%
Magic:  0/45       EV: 14    Int: 24 (25) God:    Makhleb [*****.]
Gold:   766        SH: 27    Dex: 16      Spells: 17/42 levels left

rFire    + + .     SeeInvis +   T - +9 broad axe (flame)
rCold    + + .     Faith    .   x - +8 tower shield {rPois}
rNeg     + . .     Spirit   +   R - +9 scale mail "Nibanukku" {rF+}
rPois    +         Reflect  .   N - +0 helmet "Ymubuics" {rN+ MR+ Regen+ Str-4 Int+2}
rElec    .         Harm     .   e - scarf {+Inv}
rCorr    +         Rampage  .   S - +0 pair of gloves of Affenan {Regen+ rCorr Str-2}
MR       +++..                  O - +3 barding "Aclafe" {rC+ Str+3}
Stlth    +.........             b - amulet of Iggumusoqu {Spirit rPois MP+9 Str+2}
HPRegen  1.27/turn              Z - ring "Toonanub" {*Contam rPois MR+ Int+6}
MPRegen  0.29/turn              t - ring "Ridanuesh" {rF+ rC+}

@: very slightly contaminated, studying 3 skills, invisible
A: large, talons 1, rugged brown scales 3, see invisible, agile 1, blink,
deformed body, deterioration 1, dopey 1, evolution 1, roll, armoured tail
}: 3/15 runes: barnacled, slimy, gossamer
a: Rolling Charge, Blink, Minor Destruction, Lesser Servant of Makhleb, Major
Destruction, Greater Servant of Makhleb, Renounce Religion


You were on level 4 of the Depths.
You worshipped Makhleb.
Makhleb was extremely pleased with you.
You visited 10 branches of the dungeon, and saw 48 of its levels.
You visited 2 bazaars.
You also visited: Bailey, Gauntlet, Ice Cave and Wizlab.

You collected 7159 gold pieces.
You spent 6393 gold pieces at shops.

Inventory:

Hand Weapons
 Q - the +8 whip "Snakebite" {curare, rPois}
   (You found it on level 2 of the Lair of Beasts)

   It poisons the flesh of those it strikes.
   It protects you from poison.
 T - a +9 broad axe of flaming (weapon)
Missiles
 J - 5 throwing nets (quivered)
Armour
 e - a scarf of invisibility (worn)
 x - a +8 tower shield of poison resistance (worn)
 N - the +0 helmet "Ymubuics" (worn) {rN+ MR+ Regen+ Str-4 Int+2}
   (You found it in a Gauntlet)

   It affects your strength (-4).
   It affects your intelligence (+2).
   It protects you from negative energy.
   It affects your resistance to hostile enchantments.
   It increases your rate of regeneration.
 O - the +3 barding "Aclafe" (worn) {rC+ Str+3}
   (Okawaru gifted it to you on level 2 of the Lair of Beasts)

   It affects your strength (+3).
   It protects you from cold.
 R - the +9 scale mail "Nibanukku" (worn) {rF+}
   (You bought it in a shop on level 2 of the Orcish Mines)

   It protects you from fire.
 S - the +0 pair of gloves of Affenan (worn) {Regen+ rCorr Str-2}
   (You bought it in a shop on level 2 of the Orcish Mines)

   It affects your strength (-2).
   It increases your rate of regeneration.
   It provides partial protection from all sources of acid and corrosion.
 V - the +1 plate armour "Zuastruxa" {rElec MP+9 Int+5}
   (You bought it in a shop in a bazaar)

   It affects your intelligence (+5).
   It insulates you from electricity.
   It affects your magic capacity (+9).
Jewellery
 b - the amulet of Iggumusoqu (around neck) {Spirit rPois MP+9 Str+2}
   (You found it in a wizard's laboratory)

   [amulet of guardian spirit]

   It causes incoming damage to be split between your health and magic.
   It affects your strength (+2).
   It protects you from poison.
   It affects your magic capacity (+9).
 t - the ring "Ridanuesh" (right hand) {rF+ rC+}
   (You found it in a wizard's laboratory)

   [ring of protection from fire]

   It protects you from fire.
   It protects you from cold.
 K - the ring "Duocar Hinwy" {rPois rC+ rN+ SInv}
   (You bought it in a shop in a bazaar)

   [ring of protection from cold]

   It protects you from cold.
   It protects you from poison.
   It protects you from negative energy.
   It lets you see invisible.
 Z - the ring "Toonanub" (left hand) {*Contam rPois MR+ Int+6}
   (You found it on level 13 of the Dungeon)

   [ring of intelligence]

   It affects your intelligence (+6).
   It protects you from poison.
   It affects your resistance to hostile enchantments.
   It causes magical contamination when unequipped.
Wands
 g - a wand of digging (31)
 r - a wand of iceblast (33)
 E - a wand of acid (23)
 F - a wand of paralysis (31)
 U - a wand of enslavement (17)
Scrolls
 c - 7 scrolls of fog
 d - 6 scrolls of magic mapping
 h - 5 scrolls of fear
 q - 14 scrolls of teleportation
 u - 19 scrolls of remove curse
 w - 2 scrolls of holy word
 y - a scroll of silence
 A - 10 scrolls of vulnerability
 B - 10 scrolls of identify {@r1}
 H - 2 scrolls of summoning
 L - 4 scrolls of immolation
 X - 5 scrolls of blinking
Potions
 f - 10 potions of haste
 i - 11 potions of mutation
 l - 8 potions of lignification
 m - 5 potions of flight
 n - 8 potions of brilliance
 o - 10 potions of curing
 s - 3 potions of cancellation
 v - 3 potions of heal wounds
 z - 8 potions of stabbing
 C - 2 potions of resistance
 D - 8 potions of might
 M - 3 potions of invisibility
 P - 6 potions of ambrosia
 Y - 4 potions of magic
Books
 a - a manual of Transmutations
 k - a manual of Fighting
 I - a manual of Dodging
Miscellaneous
 j - a box of beasts (3/3)
 p - a condenser vane (2/2)
 G - a tin of tremorstones (3/3)
 W - a phantom mirror


   Skills:
 - Level 15.8 Fighting
 + Level 16.6(17.9) Axes
 - Level 12.2(15.8) Maces & Flails
 - Level 3.0 Throwing
 - Level 15.3 Armour
 - Level 15.0 Dodging
 - Level 3.3 Stealth
 - Level 15.0 Shields
 - Level 9.9 Spellcasting
 - Level 5.6 Necromancy
 - Level 8.2 Transmutations
 - Level 15.1 Invocations
 - Level 14.2 Evocations


You had 17 spell levels left.
You knew the following spells:

 Your Spells              Type           Power        Failure   Level
a - Necromutation         Tmut/Necr      #####.....   100%        8
b - Infestation           Necr           #####.....   100%        8
c - Death's Door          Necr           #####.....   100%        9

Your spell library contained the following spells:

 Spells                   Type           Power        Failure   Level
 Animate Skeleton         Necr           #####.       1%          1
 Beastly Appendage        Tmut           ######       1%          1
 Pain                     Necr           ####         1%          1
 Sublimation of Blood     Necr           #####.....   1%          2
 Wereblood                Tmut           ######..     1%          2
 Passwall                 Tmut/Erth      ####....     3%          2
 Vampiric Draining        Necr           #####.....   4%          3
 Corpse Rot               Necr/Air       N/A          6%          2
 Spider Form              Tmut/Pois      ####......   8%          3
 Ignite Poison            Fire/Tmut/Pois ####....     13%         3
 Animate Dead             Necr           #####.....   13%         4
 Dispel Undead            Necr           #####...     13%         4
 Blade Hands              Tmut           ######....   13%         5
 Apportation              Tloc           ##....       14%         1
 Corona                   Hex            ##.....      14%         1
 Foxfire                  Conj/Fire      ##..         14%         1
 Magic Dart               Conj           ##..         14%         1
 Sandblast                Erth           ##....       14%         1
 Shock                    Conj/Air       ##..         14%         1
 Summon Small Mammal      Summ           ##..         14%         1
 Blink                    Tloc           N/A          21%         2
 Call Imp                 Summ           ##......     21%         2
 Ensorcelled Hibernation  Hex/Ice        ##....       21%         2
 Poisonous Vapours        Pois/Air       ##....       21%         2
 Searing Ray              Conj           ##....       21%         2
 Slow                     Hex            ##......     21%         2
 Swiftness                Air            ##......     21%         2
 Ice Form                 Ice/Tmut       ####....     24%         4
 Petrify                  Tmut/Erth      ####....     24%         4
 Agony                    Necr           #####...     36%         5
 Excruciating Wounds      Necr           #####.....   36%         5
 Call Canine Familiar     Summ           ##......     38%         3
 Confusing Touch          Hex            ##......     38%         3
 Conjure Flame            Conj/Fire      ##......     38%         3
 Dazzling Flash           Conj/Hex       ##....       38%         3
 Gell's Gravitas          Tloc           ##........   38%         3
 Inner Flame              Hex/Fire       ##......     38%         3
 Mephitic Cloud           Conj/Pois/Air  ##......     38%         3
 Static Discharge         Conj/Air       ##......     38%         3
 Stone Arrow              Conj/Erth      ##....       38%         3
 Summon Guardian Golem    Hex/Summ       ##......     38%         3
 Irradiate                Conj/Tmut      ####......   56%         5
 Yara's Violent Unravell  Hex/Tmut       ####......   56%         5
 Hydra Form               Tmut           ######....   56%         6
 Airstrike                Air            ##........   80%         4
 Cause Fear               Hex            ##........   80%         4
 Fulminant Prism          Conj/Hex       ##........   80%         4
 Hailstorm                Conj/Ice       ##......     80%         4
 Iskenderun's Mystic Bla  Conj/Tloc      ##......     80%         4
 Leda's Liquefaction      Hex/Erth       ##........   80%         4
 Sticky Flame             Conj/Fire      ##......     80%         4
 Bolt of Magma            Conj/Fire/Erth ##........   98%         5
 Fireball                 Conj/Fire      ##........   98%         5
 Iskenderun's Battlesphe  Conj           ##......     98%         5
 Lee's Rapid Deconstruct  Erth           ##........   98%         5
 Lightning Bolt           Conj/Air       ##........   98%         5
 Metabolic Englaciation   Hex/Ice        ##........   98%         5
 Silence                  Hex/Air        ##........   98%         5
 Summon Demon             Summ           ##........   98%         5
 Statue Form              Tmut/Erth      ####.....    98%         6
 Dragon Form              Tmut           ######....   98%         7
 Freezing Cloud           Conj/Ice/Air   ##........   100%        6
 Iron Shot                Conj/Erth      ##........   100%        6
 Haunt                    Necr/Summ      ####......   100%        7
 Orb of Destruction       Conj           ##........   100%        7
 Spellforged Servitor     Conj/Summ      ##........   100%        7
 Borgnjor's Revivificati  Necr           #####.....   100%        8
 Discord                  Hex            ##........   100%        8
 Dragon's Call            Summ           ##........   100%        9
 Shatter                  Erth           ##........   100%        9


Dungeon Overview and Level Annotations

Branches:
Dungeon (15/15)            Temple (1/1) D:4            Lair (6/6) D:11
 Shoals (4/4) Lair:2       Spider (4/4) Lair:2        Slime (5/5) Lair:6
    Orc (2/2) D:10            Elf (3/3) Orc:2        Vaults (4/5) D:13
  Crypt (0/3) Vaults:2     Depths (4/5) D:15         Bailey (visited)
  IceCv (visited)          WizLab (visited)         Gauntlet (visited)

Altars:
Ashenzari
Cheibriados
Dithmenos
Gozag
Hepliaklqana
Makhleb
Nemelex Xobeh
Okawaru
Sif Muna
Trog
Uskayaw
Vehumet
Wu Jian
Xom
Yredelemnul
Zin
The Shining One
Jiyva

Shops:
D:6 [   D:10 [   Orc:2 *([[:   Elf:3 ([:   Vaults:4 [   Depths:1 !

Portals:
Hell: Depths:1 Depths:3 Depths:4
Abyss: Depths:4
Pandemonium: Depths:3
Ziggurat: Depths:1
Trove: Vaults:4 (give horn of Geryon)

Annotations:
D:11 exclusion: downstairs
Lair:1 om's ghost, journeyman OgBe
Vaults:3 3 runed translucent doors, Feagond's ghost, adept HOMo
Depths:4 1 runed translucent door


Innate Abilities, Weirdness & Mutations

You are completely covered in rugged brown scales. (AC +3, +7% HP)
You have supernaturally acute eyesight. (SInv)
Armour fits poorly on your strangely shaped body.
You can roll at foes to attack.
You have a long armoured tail.
You have sharp toenails.
You are agile. (Dex +2)
You can translocate small distances at will.
Your body sometimes deteriorates upon taking damage.
You are dopey. (Int -2)
You evolve.


Message History

The storm dragon roars deafeningly!
You block the Executioner's attack.
The Executioner hits you but does no damage. x2
The lich mumbles some strange words.
The lich flickers and vanishes for a moment.
You block the Executioner's attack.
The Executioner hits you but does no damage.
The Executioner barely misses you.
You closely miss the lich.
The lich is almost destroyed.
You barely miss the Executioner. You slash the Tzitzimitl!
You burn the Tzitzimitl. You block the Executioner's attack. x3
The Tzitzimitl gestures at you. The bolt of cold hits you! You resist.
* * * LOW HITPOINT WARNING * * *
The Executioner closely misses you. You block the Executioner's attack.
The Executioner hits you but does no damage.
The lich gestures at you while chanting.
The iron shot hits you!!!
You die...

..#.#..###...
.##.#...####.
.##.#.)#..####
.##.#..#..#..###
.##.#.#..#..#..###
....#.#..#..#....#
....##..#.†.†...#..#
....##..#....#.L###.1#
....#......#...1@.# #L1
....#....#..[#.1#)..# #
.#
....#......#....#.....#
...
....###......#..#......#
#. ....#
.##.......#..##+## ##
....# .##.....#..#CD.#
....# ##... #.# ..#
....# # .#.. .# ## ....#
.## ##


You could see a storm dragon (wandering), a Tzitzimitl (summoned, corroded), a
fire giant, a lich (invisible, corroded) and an Executioner (summoned, fast).

Vanquished Creatures
  the Royal Jelly (Slime:5)
  Mara (Depths:4)
  2 juggernauts (Depths:4)
  Boris (twice) (Vaults:3 Vaults:4)
  Margery (Vaults:3)
  A caustic shrike (Depths:4)
  Saint Roka (Depths:2)
  Arachne (Spider:4)
  Jorgrun (Shoals:2)
  Rupert (Lair:3)
  6 deep elf blademasters
  5 tentacled monstrosities
  5 titans
  4 liches
  4 deep elf master archers
  20 acid blobs
  3 sphinxes
  Gastronok (Lair:3)
  Agnes (Spider:3)
  Kirke (Spider:2)
  2 tengu reavers
  A shadow dragon (Depths:4)
  An iron dragon (Depths:4)
  The ghost of robotcentaur the Nimble, an adept TeNe of Gozag (Spider:3)
  A draconian knight (Depths:4)
  8 azure jellies
  9 frost giants
  14 fire giants
  3 ghost moths (Spider:4)
  A cacodemon (WizLab)
  7 deep elf sorcerers
  5 vault wardens
  2 deep elf elementalists (Elf:3)
  3 emperor scorpions (Spider:4)
  Louise (Spider:2)
  A spriggan defender (Depths:4)
  27 very ugly things
  9 ironheart preservers
  A vampire knight (Depths:4)
  16 stone giants
  4 entropy weavers
  8 deep elf demonologists
  Nessos (Lair:6)
  A green draconian (Depths:4)
  A minotaur (Gauntlet)
  8 deep elf annihilators (Elf:3)
  4 merfolk javelineers
  A yellow draconian (Depths:4)
  5 spark wasps
  3 purple draconians
  7 deep elf death magi
  A blizzard demon (WizLab)
  7 ettins
  2 green deaths
  Josephine (Orc:1)
  4 death oozes
  7 fire dragons
  3 merfolk impalers (Shoals:4)
  14 yaktaur captains
  10 ice dragons
  3 deep elf high priests (Elf:3)
  11 great orbs of eyes
  3 rakshasas
  5 hydras
  A catoblepas (Gauntlet)
  Harold (D:7)
  3 vault guards
  4 spriggan air magi
  4 boulder beetles
  A hell beast (WizLab)
  2 merfolk aquamancers
  2 alligator snapping turtles
  6 death knights
  3 merfolk avatars
  11 ogre magi
  24 dancing weapons
  A deep troll shaman (Depths:2)
  6 centaur warriors
  14 death yaks
  3 satyrs
  A queen ant (D:12)
  3 deep troll earth magi
  35 two-headed ogres
  10 tengu warriors
  2 spriggan berserkers
  A vampire mage (Depths:4)
  The ghost of Zenkrye the Chopper, a novice PaFi of Uskayaw (D:6)
  25 deep elf knights
  2 small abominations
  An iron troll (Depths:2)
  2 sun demons (WizLab)
  18 hell knights
  2 shadow wraiths
  A fire crab (shapeshifter) (Vaults:3)
  2 sixfirhies
  5 skeletal warriors
  2 unseen horrors
  5 deep trolls
  8 sea snakes
  15 deep elf archers
  A swamp dragon (Lair:6)
  A phantasmal warrior (Vaults:1)
  2 flayed ghosts
  6 wizards
  14 orc knights
  An orange crystal statue (Vaults:2)
  2 glowing orange brains (Vaults:3)
  4 necromancers
  62 deep elf magi
  21 harpies
  11 ironbrand convokers
  A mana viper (shapeshifter) (D:15)
  10 fauns
  30 wolf spiders
  13 orb spiders
  2 orc sorcerers
  A tengu skeleton (Vaults:2)
  A salamander (shapeshifter) (Vaults:4)
  27 ugly things
  7 merfolk sirens
  A moth of wrath (Spider:3)
  9 shining eyes
  A black mamba (shapeshifter) (Vaults:3)
  15 manticores
  10 cyclopes
  An elephant (Lair:1)
  Maurice (Orc:1)
  12 vault sentinels
  2 eyes of devastation (Slime:5)
  5 water nymphs
  7 black mambas
  4 smoke demons (WizLab)
  2 centaur skeletons (D:14)
  2 centaur zombies
  A rust devil (WizLab)
  A cane toad (shapeshifter) (Elf:1)
  6 torpor snails
  6 cane toads
  3 molten gargoyles
  3 gargoyles
  2 orange demons
  A storm dragon simulacrum (Vaults:2)
  5 ice statues (IceCv)
  7 rime drakes
  14 komodo dragons
  A kobold demonologist (D:6)
  2 komodo dragons (shapeshifter)
  2 freezing wraiths
  2 anaconda simulacra (IceCv)
  A hellwing (WizLab)
  A golden dragon simulacrum (IceCv)
  3 ice devils (WizLab)
  A tormentor (WizLab)
  12 demonic crawlers
  3 red devils
  49 yaktaurs
  A jumping spider (shapeshifter) (Vaults:1)
  8 trolls
  6 tengu conjurers
  29 jumping spiders
  10 wind drakes
  Grinder (D:3)
  14 polar bears
  10 hornets
  20 merfolk
  2 meliai (shapeshifter)
  A hornet (shapeshifter) (Vaults:3)
  21 blink frogs
  12 snapping turtles
  8 raiju
  9 dream sheep
  A troll (shapeshifter) (D:15)
  85 slime creatures
  A frost giant simulacrum (Vaults:2)
  A shadow (D:15)
  52 redbacks
  4 spriggans
  34 tarantellas
  An air elemental (Elf:1)
  A wyvern (Lair:4)
  A vampire (D:11)
  2 tarantellas (shapeshifter) (Vaults:4)
  A dire elephant simulacrum (IceCv)
  14 water elementals
  A ynoxinul (Depths:3)
  2 fire elementals (Elf:1)
  7 wraiths
  21 yaks
  A basilisk (shapeshifter) (Depths:4)
  7 basilisks
  3 chaos spawn
  A hog (Spider:2)
  3 steam dragons
  8 wargs
  6 vampire mosquitoes (D:15)
  2 harpy simulacra (IceCv)
  30 water moccasins
  25 soldier ants (D:12)
  2 hydra simulacra (IceCv)
  15 hell hounds (Lair:6)
  4 acid dragons
  2 floating eyes
  Duvessa (D:4)
  14 black bears
  37 orc warriors
  2 swamp drakes (Lair:6)
  8 ice beasts
  2 ettin simulacra
  A hornet zombie (D:13)
  3 sky beasts
  3 phantoms
  A black bear (shapeshifter) (D:15)
  An ice beast (shapeshifter) (Depths:3)
  27 ogres
  8 eyes of draining
  A necrophage (D:9)
  4 boggarts (Vaults:3)
  28 wolves
  A human skeleton (Vaults:2)
  5 centaurs
  10 big kobolds
  18 bullfrogs
  Dowan (D:4)
  5 earth elementals
  2 scorpions (D:6)
  12 wights
  7 electric eels
  3 howler monkeys
  2 crimson imps
  A yaktaur simulacrum (Vaults:1)
  A bullfrog zombie (D:11)
  9 hounds
  3 quasits
  19 orc wizards
  8 orc priests
  3 bullfrog skeletons
  6 jellies
  7 iguanas
  Natasha (thrice) (D:3)
  33 worker ants
  A killer bee zombie (D:7)
  3 worker ant zombies
  15 adders
  8 gnolls
  4 shadow imps
  3 white imps
  7 ufetubi
  3 oozes
  2 adder skeletons
  2 adder zombies
  3 dart slugs
  2 leopard geckos
  84 orcs
  13 bats
  8 giant cockroaches
  12 goblins
  6 hobgoblins
  10 jackals
  A quokka (D:10)
  9 frilled lizards
  A jackal skeleton (D:7)
  A jackal zombie (D:8)
  20 kobolds
  A quokka skeleton (D:4)
  5 rats
  4 crawling corpses
1949 creatures vanquished.

Vanquished Creatures (collateral kills)
  Boris (Depths:2)
  A Hellbinder (WizLab)
  A lich (Depths:2)
  A deep elf blademaster (WizLab)
  3 acid blobs
  An azure jelly (Slime:2)
  A balrug (WizLab)
  2 very ugly things (Depths:2)
  2 blizzard demons (WizLab)
  A hell beast (WizLab)
  2 ironbrand convokers (Vaults:3)
  An ugly thing (Depths:2)
  A merfolk siren (Shoals:2)
  2 eyes of devastation (Slime:2)
  An orange demon (WizLab)
  A demonic crawler (Spider:4)
  An ice devil (WizLab)
  A jumping spider (Spider:4)
  3 blink frogs (Lair:6)
  A slime creature (Slime:5)
  A tarantella (Spider:4)
  A water moccasin (Lair:6)
  4 eyes of draining
34 creatures vanquished.

Vanquished Creatures (others)
  Asterion (Depths:2)
  A tengu reaver (Depths:1)
  A storm dragon (Depths:1)
  A fire giant (Vaults:4)
  A vault warden (Vaults:4)
  A frost giant (Depths:4)
  An ironheart preserver (Vaults:3)
  3 very ugly things
  3 stone giants
  A blood saint (WizLab)
  2 yaktaur captains
  A merfolk impaler (Shoals:4)
  An ogre mage (Vaults:1)
  3 two-headed ogres
  2 dancing weapons (Elf:2)
  A deep troll earth mage (Vaults:2)
  2 vampire magi
  4 deep elf knights
  A hell knight (Vaults:4)
  2 deep trolls (Vaults:2)
  An ironbrand convoker (Vaults:4)
  A deep elf archer (Elf:2)
  An orc knight (Vaults:4)
  A harpy (Shoals:4)
  A wolf spider (Spider:4)
  2 cyclopes (Orc:2)
  8 deep elf magi
  An orange demon (WizLab)
  A gargoyle (Gauntlet)
  4 yaktaurs
  A merfolk (Shoals:3)
  2 slime creatures
  A hornet (Spider:2)
  A raiju (Depths:1)
  2 orc warriors
  An ogre (Depths:2)
  An electric eel (D:6)
  An ooze (Lair:6)
  3 orcs
  2 bushes (Lair:6)
  A crawling corpse (Elf:2)
  28 fungi
  102 plants
200 creatures vanquished.

Grand Total: 2183 creatures vanquished

Notes
Turn   | Place    | Note
-------+----------+-------------------------------------------
     0 | D:5      | miscthings the Palentonga Delver began the quest for the
                  | Orb.
     0 | D:5      | Reached XP level 1. HP: 20/20 MP: 1/1
   195 | D:4      | Reached XP level 2. HP: 14/27 MP: 2/2
   384 | D:4      | Reached skill level 3 in Axes
   629 | D:4      | Found a staircase to the Ecumenical Temple.
   639 | Temple   | Entered the Ecumenical Temple
   648 | Temple   | Became a worshipper of Warmaster Okawaru
   728 | D:3      | Found a basalt altar of Yredelemnul.
   773 | D:2      | Reached XP level 3. HP: 30/33 MP: 3/3
   844 | D:2      | Reached skill level 1 in Evocations
  1297 | D:2      | Reached XP level 4. HP: 39/40 MP: 4/4
  1479 | D:2      | Found a glowing silver altar of Zin.
  1488 | D:2      | Found a sparkling altar of Nemelex Xobeh.
  2385 | D:1      | Reached skill level 1 in Maces & Flails
  2981 | D:3      | Noticed Natasha
  2986 | D:3      | Killed Natasha
  2986 | D:3      | Reached XP level 5. HP: 46/48 MP: 5/5
  3092 | D:3      | Noticed Natasha
  3098 | D:3      | Killed Natasha
  3187 | D:3      | Noticed Natasha
  3280 | D:3      | Killed Natasha
  3363 | D:3      | Noticed Grinder
  3459 | D:3      | Paralysed by Grinder for 4 turns
  3477 | D:3      | Killed Grinder
  3477 | D:3      | Reached * piety under Okawaru
  3477 | D:3      | Reached XP level 6. HP: 51/54 MP: 6/6
  3612 | D:4      | Found an ornate altar of the Wu Jian Council.
  3657 | D:4      | Found a broken altar of Ashenzari.
  3679 | D:4      | Noticed Dowan
  3742 | D:4      | Noticed Duvessa
  3749 | D:4      | Killed Duvessa
  3749 | D:4      | Reached ** piety under Okawaru
  3749 | D:4      | Reached XP level 7. HP: 42/60 MP: 7/7
  3754 | D:4      | Killed Dowan
  4144 | D:4      | Reached skill level 5 in Maces & Flails
  4144 | D:4      | Reached skill level 5 in Evocations
  4350 | D:5      | Noticed a steam dragon
  4356 | D:5      | Killed a steam dragon
  4720 | D:6      | Found a runed translucent gate.
  4721 | D:6      | Found a runed translucent gate.
  4721 | D:6      | Found a runed translucent gate.
  4721 | D:6      | Noticed Zenkrye's ghost (novice PaFi)
  4722 | D:6      | Noticed a kobold demonologist
  4839 | D:6      | Reached XP level 8. HP: 50/67 MP: 8/8
  4876 | D:6      | Reached *** piety under Okawaru
  4902 | D:6      | Found Fyujitegi's Antique Armour Shop.
  5772 | D:6      | Reached **** piety under Okawaru
  5876 | D:6      | Reached XP level 9. HP: 60/73 MP: 7/9
  6448 | D:7      | Reached skill level 10 in Maces & Flails
  6774 | D:7      | Found a snail-covered altar of Cheibriados.
  6928 | D:7      | Noticed Harold
  6946 | D:7      | Killed Harold
  6946 | D:7      | Reached ***** piety under Okawaru
  6946 | D:7      | Reached skill level 1 in Armour
  6946 | D:7      | Reached skill level 1 in Shields
  7259 | D:7      | Found a hazy altar of Hepliaklqana.
  7531 | D:8      | Reached XP level 10. HP: 72/82 MP: 10/10
  7719 | D:8      | Got a bronze leather armour
  7732 | D:8      | Identified the +7 leather armour "Geistobopp" {MR++} (You
                  | found it on level 8 of the Dungeon)
  7775 | D:8      | Got a masterwork ring mail
  7809 | D:8      | Identified the cursed +1 ring mail of Defeobb {rC+ Str+8
                  | Dex+2} (You found it on level 8 of the Dungeon)
  7830 | D:8      | Noticed a two-headed ogre
  7841 | D:8      | Killed a two-headed ogre
  7841 | D:8      | Received a gift from Okawaru
  7841 | D:8      | Reached skill level 1 in Throwing
  7842 | D:8      | Got a faintly humming helmet {god gift}
  7848 | D:8      | Identified the +0 helmet of the Land of Plenty {MR+}
                  | (Okawaru gifted it to you on level 8 of the Dungeon)
  8026 | D:9      | Found a bloodstained altar of Trog.
  8468 | D:9      | Found a radiant altar of Vehumet.
  8469 | D:9      | Found a burning altar of Makhleb.
  8869 | D:9      | Gained mutation: You tend to lose your temper in combat.
                  | [potion of mutation]
  8869 | D:9      | Gained mutation: You are agile. (Dex +2) [potion of
                  | mutation]
  8870 | D:9      | Lost mutation: You are agile. (Dex +2) [potion of mutation]
  8870 | D:9      | Lost mutation: You tend to lose your temper in combat.
                  | [potion of mutation]
  8870 | D:9      | Gained mutation: You passively map a small area around you.
                  | [potion of mutation]
  8870 | D:9      | Gained mutation: Your flesh is cold resistant. (rC+)
                  | [potion of mutation]
  8870 | D:9      | Gained mutation: You possess an exceptional clarity of
                  | mind. [potion of mutation]
  8900 | D:10     | Entered Level 10 of the Dungeon
  8989 | D:10     | Noticed a two-headed ogre
  9000 | D:10     | Killed a two-headed ogre
  9000 | D:10     | Reached skill level 1 in Invocations
  9003 | D:10     | Lost mutation: Your flesh is cold resistant. (rC+) [potion
                  | of mutation]
  9003 | D:10     | Lost mutation: You possess an exceptional clarity of mind.
                  | [potion of mutation]
  9003 | D:10     | Gained mutation: You are weak. (Str -2) [potion of
                  | mutation]
  9003 | D:10     | Gained mutation: You have large cloven feet. [potion of
                  | mutation]
  9004 | D:10     | Lost mutation: You are weak. (Str -2) [potion of mutation]
  9004 | D:10     | Lost mutation: You passively map a small area around you.
                  | [potion of mutation]
  9004 | D:10     | Gained mutation: Your mind is acute. (Int +2) [potion of
                  | mutation]
  9007 | D:10     | Lost mutation: Your mind is acute. (Int +2) [potion of
                  | mutation]
  9007 | D:10     | Lost mutation: You have large cloven feet. [potion of
                  | mutation]
  9007 | D:10     | Gained mutation: You have a pair of small antennae on your
                  | head. [potion of mutation]
  9007 | D:10     | Gained mutation: Your spells are a little harder to cast,
                  | but a little more powerful. [potion of mutation]
  9151 | D:10     | Found a staircase to the Orcish Mines.
  9448 | D:10     | Found Wopessuh's Armour Shop.
  9536 | D:10     | Bought a +2 cloak of preservation for 279 gold pieces
 10014 | D:11     | Found a flagged portal.
 10153 | D:11     | Reached XP level 11. HP: 73/90 MP: 10/12
 10201 | Bailey   | Entered a bailey
 10768 | D:11     | Reached skill level 5 in Fighting
 10942 | D:11     | Found a staircase to the Lair.
 11202 | D:12     | Noticed a queen ant
 11206 | D:12     | Noticed an entropy weaver
 11241 | D:12     | Killed a queen ant
 11241 | D:12     | Reached skill level 5 in Shields
 11260 | D:12     | Noticed an entropy weaver
 11388 | Lair:1   | Entered Level 1 of the Lair of Beasts
 11398 | Lair:1   | Received a gift from Okawaru
 11764 | Lair:1   | Reached ****** piety under Okawaru
 11764 | Lair:1   | Received a gift from Okawaru
 11877 | Lair:1   | Found a runed translucent door.
 11895 | Lair:1   | Identified the +6 spear of Valuable Assets {freeze, Dex+4}
 11903 | Lair:1   | Noticed om's ghost (journeyman OgBe)
 12010 | Lair:1   | Noticed a five-headed hydra
 12026 | Lair:1   | Killed a five-headed hydra
 12290 | Lair:1   | Reached XP level 12. HP: 100/102 MP: 15/15
 12903 | Lair:2   | Reached skill level 5 in Invocations
 12973 | Lair:2   | Lost mutation: Your spells are a little harder to cast, but
                  | a little more powerful. [potion of mutation]
 12973 | Lair:2   | Lost mutation: You have a pair of small antennae on your
                  | head. [potion of mutation]
 12973 | Lair:2   | Gained mutation: You are resistant to hostile enchantments.
                  | (MR+) [potion of mutation]
 12973 | Lair:2   | Gained mutation: Your system is resistant to poisons.
                  | (rPois) [potion of mutation]
 12973 | Lair:2   | Lost mutation: You are resistant to hostile enchantments.
                  | (MR+) [potion of mutation]
 12973 | Lair:2   | Gained mutation: You evolve. [potion of mutation]
 13084 | Lair:2   | You fall into a shaft and drop 2 floors!
 13084 | Lair:4   | Noticed a death yak
 13084 | Lair:4   | Noticed a death yak
 13084 | Lair:4   | Noticed a death yak
 13085 | Lair:4   | Noticed a death yak
 13115 | Lair:4   | Killed a death yak
 13115 | Lair:4   | Reached skill level 5 in Dodging
 13120 | Lair:4   | Killed a death yak
 13134 | Lair:4   | Killed a death yak
 13134 | Lair:4   | Received a gift from Okawaru
 13139 | Lair:4   | Killed a death yak
 13374 | Lair:3   | Noticed a four-headed hydra
 13380 | Lair:3   | Killed a four-headed hydra
 13676 | Lair:3   | Noticed Rupert
 13688 | Lair:3   | Paralysed by Rupert for 6 turns
 14056 | Lair:3   | Was placed under penance by Okawaru
 14087 | Lair:3   | Noticed Gastronok
 14109 | Lair:3   | Killed Gastronok
 14109 | Lair:3   | Reached skill level 5 in Armour
 14253 | Lair:3   | Gained mutation: Your muscles are strong. (Str +2)
                  | [evolution]
 14295 | Lair:4   | Was forgiven by Okawaru
 14298 | Lair:4   | Received a gift from Okawaru
 14355 | Lair:3   | Killed Rupert
 14355 | Lair:3   | Reached XP level 13. HP: 105/112 MP: 17/17
 14385 | Lair:2   | Found a staircase to the Shoals.
 14523 | Lair:2   | Received a gift from Okawaru
 14538 | Lair:2   | Got an ichor-stained barding {god gift}
 14549 | Lair:2   | Identified the +3 barding "Aclafe" {rC+ Str+3} (Okawaru
                  | gifted it to you on level 2 of the Lair of Beasts)
 14559 | Lair:2   | Found the +8 whip "Snakebite" {curare, rPois}
 14895 | Lair:2   | Found a hole to the Spider Nest.
 16185 | Lair:5   | You fall into a shaft and drop 1 floor!
 16185 | Lair:6   | Entered Level 6 of the Lair of Beasts
 16480 | Lair:6   | Received a gift from Okawaru
 16743 | Lair:5   | Received a gift from Okawaru
 17393 | Lair:6   | Reached XP level 14. HP: 108/123 MP: 19/19
 17439 | Lair:6   | Found a staircase to the Slime Pits.
 17879 | Lair:6   | Noticed Nessos
 17911 | Lair:6   | Killed Nessos
 18006 | Lair:6   | Received a gift from Okawaru
 18734 | Lair:6   | Gained mutation: You are clumsy. (Dex -2) [evolution]
 19109 | Lair:6   | Reached skill level 10 in Shields
 19554 | D:6      | Killed Zenkrye's ghost
 19860 | D:12     | Killed an entropy weaver
 19933 | D:12     | Killed an entropy weaver
 20429 | D:12     | Received a gift from Okawaru
 20745 | D:13     | Reached XP level 15. HP: 56/132 MP: 21/21
 20771 | D:13     | Found a gate leading to a gauntlet.
 20785 | Gauntlet | Entered a Gauntlet
 20785 | Gauntlet | Found a transporter.
 20785 | Gauntlet | Found a transporter.
 20785 | Gauntlet | Found a runed translucent door.
 20785 | Gauntlet | Found a runed translucent door.
 20791 | Gauntlet | Found a transporter.
 20803 | Gauntlet | Found a transporter.
 20821 | Gauntlet | Found a transporter.
 20821 | Gauntlet | Found a transporter.
 20821 | Gauntlet | Found a transporter.
 20823 | Gauntlet | Found a transporter.
 20823 | Gauntlet | Found a transporter.
 20837 | Gauntlet | Found a transporter.
 20850 | Gauntlet | Found a transporter.
 20857 | Gauntlet | Found a runed translucent door.
 20861 | Gauntlet | Found a transporter.
 20874 | Gauntlet | Found a transporter.
 20894 | Gauntlet | Found a transporter.
 21049 | Gauntlet | Got a smoking helmet
 21060 | Gauntlet | Identified the cursed +0 helmet "Ymubuics" {rN+ MR+ Regen+
                  | Str-4 Int+2} (You found it in a Gauntlet)
 21316 | Gauntlet | Got a steaming steel ring
 21319 | Gauntlet | Identified the ring "Giehof" {Ice rElec Str+5} (You found
                  | it in a Gauntlet)
 21370 | Gauntlet | Identified the +2 hand axe of Bloodstone {drain, +Blink rC-
                  | rN++ Dex+3}
 21789 | D:13     | Found a gate to the Vaults.
 21847 | D:13     | Found an iron altar of Okawaru.
 21860 | D:13     | Got a heavily runed ivory ring
 21863 | D:13     | Identified the ring "Toonanub" {*Contam rPois MR+ Int+6}
                  | (You found it on level 13 of the Dungeon)
 22071 | D:14     | Found a glowing golden altar of the Shining One.
 22453 | D:15     | Entered Level 15 of the Dungeon
 22622 | D:15     | Received a gift from Okawaru
 22654 | D:15     | Reached skill level 10 in Evocations
 22870 | D:15     | Reached skill level 10 in Invocations
 22892 | D:15     | Reached skill level 10 in Fighting
 23114 | D:15     | Found a staircase to the Depths.
 23196 | D:15     | Gained mutation: Your spells are a little harder to cast,
                  | but a little more powerful. [evolution]
 23526 | Orc:1    | Entered Level 1 of the Orcish Mines
 23526 | Orc:1    | Noticed Josephine
 23526 | Orc:1    | Noticed Maurice
 23568 | Orc:1    | Killed Josephine
 23608 | Orc:1    | Killed Maurice
 23612 | Orc:1    | Received a gift from Okawaru
 23835 | Orc:1    | You fall into a shaft and drop 1 floor!
 23835 | Orc:2    | Entered Level 2 of the Orcish Mines
 23835 | Orc:2    | Found Voaroarhy's Antique Weapon Shop.
 24218 | Orc:2    | Found Tokaf's Antique Armour Emporium.
 24226 | Orc:2    | Bought a translucent scale mail for 243 gold pieces
 24226 | Orc:2    | Bought a pair of runed gloves for 202 gold pieces
 24250 | Orc:2    | Identified the +9 scale mail "Nibanukku" {rF+} (You bought
                  | it in a shop on level 2 of the Orcish Mines)
 24313 | Orc:2    | Found Qivecuek's Antique Armour Emporium.
 24330 | Orc:2    | Found Gimash's Book Shop.
 24412 | Orc:2    | Bought a heavily runed chain mail for 218 gold pieces
 24412 | Orc:2    | Bought a pair of warped gloves for 218 gold pieces
 24447 | Orc:2    | Identified the +0 pair of gloves of Affenan {Regen+ rCorr
                  | Str-2} (You bought it in a shop on level 2 of the Orcish
                  | Mines)
 24486 | Orc:2    | Identified the +13 chain mail of Existentialism {Int+3}
                  | (You bought it in a shop on level 2 of the Orcish Mines)
 24660 | Orc:2    | Reached XP level 16. HP: 144/144 MP: 23/23
 24691 | Orc:2    | Found a staircase to the Elven Halls.
 24916 | Orc:2    | Found Wozueveu's General Store.
 24924 | Orc:2    | Bought a scroll of identify for 22 gold pieces
 24924 | Orc:2    | Bought a scroll of identify for 22 gold pieces
 24924 | Orc:2    | Bought a potion of curing for 33 gold pieces
 25088 | Elf:1    | Entered Level 1 of the Elven Halls
 25113 | Elf:1    | Received a gift from Okawaru
 25264 | Elf:1    | Received a gift from Okawaru
 25377 | Elf:1    | Identified the Reference Book on Companions
 26192 | Elf:2    | Noticed a deep elf master archer
 26209 | Elf:2    | Killed a deep elf master archer
 26332 | Elf:2    | Received a gift from Okawaru
 26369 | Elf:2    | Got an ancient plate armour {god gift}
 26382 | Elf:2    | Identified the +4 plate armour of the Candlemaker {Harm
                  | +Inv} (Okawaru gifted it to you on level 2 of the Elven
                  | Halls)
 26487 | Elf:2    | Found a runed translucent gate.
 26487 | Elf:2    | Found a runed translucent gate.
 26487 | Elf:2    | Found a runed translucent gate.
 27007 | Elf:3    | Entered Level 3 of the Elven Halls
 27265 | Elf:2    | Reached XP level 17. HP: 149/155 MP: 24/24
 27312 | Elf:2    | Received a gift from Okawaru
 27699 | Elf:3    | Reached skill level 10 in Dodging
 27747 | Elf:3    | Noticed a deep elf blademaster
 27749 | Elf:3    | Lost mutation: You are clumsy. (Dex -2) [evolution]
 27804 | Elf:3    | Found Voshehi's Book Emporium.
 27806 | Elf:3    | Found Paitusip's Antique Armour Shoppe.
 27808 | Elf:3    | Found Cinn's Antique Weapon Emporium.
 27876 | Elf:3    | Noticed a deep elf blademaster
 27883 | Elf:3    | Killed a deep elf blademaster
 27937 | Elf:3    | Noticed a deep elf master archer
 27945 | Elf:3    | Killed a deep elf master archer
 27972 | Elf:3    | Reached skill level 10 in Armour
 28177 | Elf:3    | Received a gift from Okawaru
 28211 | Elf:3    | Noticed a deep elf master archer
 28245 | Elf:3    | Killed a deep elf master archer
 28252 | Elf:3    | Received a gift from Okawaru
 28280 | Elf:3    | Identified the amulet of Funwiw {Faith Dex+3}
 28336 | Elf:3    | Killed a deep elf blademaster
 28482 | Elf:3    | Identified a scroll of acquirement
 28579 | Elf:3    | Acquired a manual of Armour
 28604 | Elf:3    | Identified Pousano's Volume of Weightlessness and the
                  | Escort
 28672 | Elf:3    | Identified the Reference Book on Bewitching Venom
 29215 | Spider:1 | Entered Level 1 of the Spider Nest
 29262 | Spider:1 | Acquired a manual of Invocations
 29530 | Spider:1 | Received a gift from Okawaru
 30195 | Spider:2 | Reached skill level 1 in Spellcasting
 30402 | Spider:2 | Noticed Kirke
 30421 | Spider:2 | Killed Kirke
 30421 | Spider:2 | Reached XP level 18. HP: 166/166 MP: 25/25
 30556 | Spider:2 | Received a gift from Okawaru
 30611 | Spider:2 | Noticed Louise
 30620 | Spider:2 | Killed Louise
 30859 | Spider:3 | Noticed Agnes
 30877 | Spider:3 | Killed Agnes
 31311 | Spider:3 | Found a runed translucent door.
 31314 | Spider:3 | Found a shimmering altar of Xom.
 31314 | Spider:3 | Noticed robotcentaur's ghost (adept TeNe)
 31624 | Spider:3 | Killed robotcentaur's ghost
 31635 | Spider:3 | Identified the ring of the Leaf {rN+ MR+} (You found it on
                  | level 3 of the Spider Nest)
 31650 | Spider:4 | Entered Level 4 of the Spider Nest
 31665 | Spider:4 | Received a gift from Okawaru
 31815 | Spider:4 | Noticed Arachne
 31847 | Spider:4 | Killed Arachne
 31896 | Spider:4 | Found a frozen archway.
 31932 | IceCv    | Entered an ice cave
 32551 | Spider:4 | Received a gift from Okawaru
 32788 | Spider:4 | Gained mutation: You are agile. (Dex +2) [evolution]
 33040 | Spider:4 | Got a gossamer rune of Zot
 33231 | Shoals:1 | Entered Level 1 of the Shoals
 33930 | Shoals:2 | Identified the cursed ring of Tazari {MP+9 AC-4} (You found
                  | it on level 2 of the Shoals)
 33958 | Shoals:2 | Reached XP level 19. HP: 174/176 MP: 28/28
 34033 | Shoals:2 | Noticed Jorgrun
 34059 | Shoals:2 | Killed Jorgrun
 34059 | Shoals:2 | Reached skill level 5 in Spellcasting
 34151 | Shoals:2 | Found a gateway to a bazaar.
 34163 | Bazaar   | Entered a bazaar
 34168 | Bazaar   | Found Oxkar's Book Shoppe.
 34176 | Bazaar   | Bought a manual of Dodging for 993 gold pieces
 34195 | Bazaar   | Found Bown's Antique Weapon Boutique.
 34195 | Bazaar   | Found Ryduc's Book Boutique.
 34222 | Bazaar   | Found Yxkiguuff's Weapon Emporium.
 34305 | Bazaar   | Bought a Necronomicon for 993 gold pieces
 34439 | Shoals:2 | Received a gift from Okawaru
 34445 | Shoals:2 | Got a twisted lajatang {god gift}
 34621 | Shoals:2 | Identified the cursed +0 chain mail of Bysosy {+Fly} (You
                  | found it on level 2 of the Shoals)
 34831 | Shoals:3 | Acquired 843 gold pieces
 35442 | Shoals:4 | Entered Level 4 of the Shoals
 35608 | Shoals:4 | Received a gift from Okawaru
 35782 | Shoals:4 | Got a barnacled rune of Zot
 36479 | Vaults:1 | Entered Level 1 of the Vaults
 37050 | Vaults:1 | Received a gift from Okawaru
 37485 | Vaults:1 | Reached XP level 20. HP: 186/186 MP: 30/30
 38043 | Vaults:2 | Found a staircase to the Crypt.
 38394 | Vaults:2 | Received a gift from Okawaru
 38652 | Vaults:2 | Gained mutation: You are dopey. (Int -2) [mutagenic glow]
 38871 | Vaults:2 | Reached skill level 15 in Invocations
 39335 | Vaults:3 | Received a gift from Okawaru
 39336 | Vaults:3 | Identified the +1 plate armour of Oruqy {*Drain Int+2
                  | Dex+2} (Okawaru gifted it to you on level 3 of the Vaults)
 39343 | Vaults:3 | Identified the +4 chain mail "Dogeriv" {MP+9 Dex+6}
 39349 | Vaults:3 | Noticed Boris
 39366 | Vaults:3 | Killed Boris
 39576 | Vaults:3 | Found a runed translucent gate.
 39576 | Vaults:3 | Found a runed translucent gate.
 39577 | Vaults:3 | Found a runed translucent gate.
 39922 | Vaults:3 | Noticed Margery
 39948 | Vaults:3 | Killed Margery
 40317 | Vaults:3 | Received a gift from Okawaru
 40583 | Vaults:3 | Reached XP level 21. HP: 195/195 MP: 33/33
 40870 | Vaults:3 | Received a gift from Okawaru
 40871 | Vaults:3 | Reached skill level 15 in Fighting
 40887 | Vaults:3 | Found a runed translucent gate.
 40887 | Vaults:3 | Found a runed translucent gate.
 40888 | Vaults:3 | Noticed Feagond's ghost (adept HOMo)
 40897 | Vaults:3 | Found a runed translucent gate.
 41369 | Vaults:4 | Received a gift from Okawaru
 41581 | Vaults:4 | Found a portal to a secret trove of treasure.
 41704 | Vaults:4 | Noticed Boris
 41791 | Vaults:4 | Killed Boris
 41791 | Vaults:4 | Reached skill level 15 in Armour
 41973 | Vaults:4 | Received a gift from Okawaru
 42049 | Vaults:4 | Found Vur Ymailo's Antique Armour Shoppe.
 42330 | Vaults:4 | Acquired a manual of Transmutations
 42341 | Vaults:4 | Learned a level 8 spell: Necromutation
 42350 | Vaults:4 | Learned a level 8 spell: Infestation
 42360 | Vaults:4 | Learned a level 9 spell: Death's Door
 42802 | Slime:1  | Entered Level 1 of the Pits of Slime
 42874 | Lair:6   | Reached skill level 1 in Necromancy
 42874 | Lair:6   | Reached skill level 1 in Transmutations
 44234 | Slime:2  | Reached skill level 4 in Axes
 45301 | Slime:4  | Reached XP level 22. HP: 206/206 MP: 33/35
 45483 | Slime:4  | Reached skill level 15 in Shields
 45497 | Slime:4  | Gained mutation: You tend to lose your temper in combat. [a
                  | shining eye]
 45498 | Slime:4  | Reached skill level 5 in Axes
 45521 | Slime:4  | Reached skill level 5 in Transmutations
 45535 | Slime:5  | Entered Level 5 of the Pits of Slime
 45545 | Slime:5  | Received a gift from Okawaru
 45947 | Slime:5  | Found a viscous altar of Jiyva.
 45948 | Slime:5  | Noticed the Royal Jelly
 45983 | Slime:5  | Killed the Royal Jelly
 46247 | Slime:5  | Lost mutation: You tend to lose your temper in combat.
                  | [evolution]
 46393 | Slime:5  | Reached skill level 6 in Axes
 46554 | Slime:5  | Got a slimy rune of Zot
 46556 | Slime:5  | Identified the ring of Dam Gola {*Drain MR- EV+4 Int+6
                  | Dex+3} (You found it on level 5 of the Pits of Slime)
 46948 | D:9      | Fell from the grace of Okawaru
 46948 | D:9      | Became a worshipper of Makhleb the Destroyer
 47138 | Depths:1 | Entered Level 1 of the Depths
 47224 | Depths:1 | Found a gateway to a ziggurat.
 47254 | Depths:1 | Found a gateway to Hell.
 47302 | Depths:1 | Reached skill level 5 in Necromancy
 47617 | Depths:1 | Found Tugug's Distillery.
 47644 | Depths:1 | Bought a potion of heal wounds for 100 gold pieces
 47644 | Depths:1 | Bought a potion of might for 80 gold pieces
 47644 | Depths:1 | Bought a potion of cancellation for 160 gold pieces
 47644 | Depths:1 | Bought a potion of curing for 60 gold pieces
 47644 | Depths:1 | Bought a potion of mutation for 160 gold pieces
 47644 | Depths:1 | Bought a potion of curing for 60 gold pieces
 47644 | Depths:1 | Bought a potion of brilliance for 80 gold pieces
 47644 | Depths:1 | Bought a potion of magic for 160 gold pieces
 47718 | Depths:1 | Reached * piety under Makhleb
 47990 | Depths:2 | Noticed Boris
 47998 | Depths:2 | Killed Boris
 47999 | Depths:2 | Found a flickering gateway to a bazaar.
 48012 | Depths:2 | Reached skill level 15 in Dodging
 48118 | Bazaar   | Entered a bazaar
 48132 | Bazaar   | Found Ebriemai's Antique Weapon Shoppe.
 48132 | Bazaar   | Found Amnivvy's Book Emporium.
 48153 | Bazaar   | Found Vore's Antique Armour Shoppe.
 48153 | Bazaar   | Found Vienkoov's Magic Scroll Emporium.
 48157 | Bazaar   | Bought a scroll of identify for 22 gold pieces
 48157 | Bazaar   | Bought a scroll of identify for 22 gold pieces
 48157 | Bazaar   | Bought a scroll of silence for 82 gold pieces
 48157 | Bazaar   | Bought a scroll of teleportation for 33 gold pieces
 48157 | Bazaar   | Bought a scroll of holy word for 82 gold pieces
 48165 | Bazaar   | Bought a faintly humming plate armour for 784 gold pieces
 48165 | Bazaar   | Bought a jewelled leather armour for 196 gold pieces
 48165 | Bazaar   | Identified the +2 leather armour "Fyipposi" {rCorr} (You
                  | bought it in a shop in a bazaar)
 48166 | Bazaar   | Identified the +1 plate armour "Zuastruxa" {rElec MP+9
                  | Int+5} (You bought it in a shop in a bazaar)
 48199 | Bazaar   | Found Eppigiasm's Gadget Shoppe.
 48199 | Bazaar   | Found Ketze's Jewellery Emporium.
 48242 | Bazaar   | Bought the ring "Duocar Hinwy" {rPois rC+ rN+ SInv} for 669
                  | gold pieces
 48250 | Bazaar   | Bought a wand of acid (10) for 420 gold pieces
 48312 | Depths:2 | Identified the Compendium of Hurtful Execration
 48331 | Depths:2 | Noticed Saint Roka
 48373 | Depths:2 | Killed Saint Roka
 48373 | Depths:2 | Reached skill level 7 in Axes
 48525 | Depths:2 | Noticed Asterion
 48539 | Depths:2 | Killed Asterion
 48561 | Depths:2 | Reached skill level 8 in Axes
 48594 | Depths:2 | Reached ** piety under Makhleb
 48686 | Depths:2 | Reached skill level 9 in Axes
 49158 | Depths:2 | You fall into a shaft and drop 2 floors!
 49160 | Depths:4 | Found a one-way gate to the infinite horrors of the Abyss.
 49248 | Depths:3 | Reached skill level 10 in Axes
 49248 | Depths:3 | Reached XP level 23. HP: 205/215 MP: 36/36
 49370 | Depths:3 | Reached *** piety under Makhleb
 49406 | Depths:3 | Reached skill level 11 in Axes
 49474 | Depths:3 | Found a magical portal.
 49479 | WizLab   | Entered The Hall of the Hellbinder
 49998 | WizLab   | Reached skill level 12 in Axes
 50067 | WizLab   | Found a burning altar of Makhleb.
 50088 | WizLab   | Identified the +1 cloak of the Final Heavens {Rampage MR-
                  | Regen+} (You found it in a wizard's laboratory)
 50090 | WizLab   | Identified the amulet of Iggumusoqu {Spirit rPois MP+9
                  | Str+2} (You found it in a wizard's laboratory)
 50093 | WizLab   | Identified the ring "Rovi Jiloro" {+Fly MR+ Str+3} (You
                  | found it in a wizard's laboratory)
 50096 | WizLab   | Identified the ring "Ridanuesh" {rF+ rC+} (You found it in
                  | a wizard's laboratory)
 50153 | WizLab   | Identified the Guide on Slavery
 50346 | Depths:3 | Reached **** piety under Makhleb
 50497 | Depths:3 | Found a one-way gate leading to the halls of Pandemonium.
 50518 | Depths:3 | Reached skill level 13 in Axes
 51201 | Depths:4 | Reached skill level 14 in Axes
 51288 | Depths:4 | Noticed Mara
 51299 | Depths:4 | Noticed miscthings's illusion
 51316 | Depths:4 | Paralysed by a floating eye for 4 turns
 51323 | Depths:4 | Killed Mara
 51338 | Depths:4 | Reached ***** piety under Makhleb
 51491 | Depths:4 | Reached skill level 15 in Axes
 51509 | Depths:4 | Noticed a caustic shrike
 51509 | Depths:4 | Noticed a juggernaut
 51539 | Depths:4 | Killed a caustic shrike
 51567 | Depths:4 | Killed a juggernaut
 51567 | Depths:4 | Gained mutation: You have large cloven feet. [mutagenic
                  | glow]
 51657 | Depths:4 | Identified the cursed +1 battleaxe of Starshine {elec,
                  | +Rage Str+6}
 51667 | Depths:4 | Gained mutation: You are frail. (-10% HP) [mutagenic glow]
 51810 | Depths:4 | Lost mutation: Your muscles are strong. (Str +2) [potion of
                  | mutation]
 51810 | Depths:4 | Lost mutation: Your system is resistant to poisons. (rPois)
                  | [potion of mutation]
 51810 | Depths:4 | Lost mutation: You have large cloven feet. [potion of
                  | mutation]
 51810 | Depths:4 | Gained mutation: You have sharp toenails. [potion of
                  | mutation]
 51811 | Depths:4 | Lost mutation: Your spells are a little harder to cast, but
                  | a little more powerful. [potion of mutation]
 51811 | Depths:4 | Lost mutation: You are frail. (-10% HP) [potion of
                  | mutation]
 51811 | Depths:4 | Gained mutation: Your body sometimes deteriorates upon
                  | taking damage. [potion of mutation]
 51811 | Depths:4 | Gained mutation: You can translocate small distances at
                  | will. [potion of mutation]
 51843 | Depths:4 | Reached skill level 16 in Axes
 51856 | Depths:4 | Reached XP level 24. HP: 204/224 MP: 23/36
 51919 | Depths:4 | Noticed a juggernaut
 51945 | Depths:4 | Killed a juggernaut
 51951 | Depths:4 | Found a runed translucent door.
 51968 | Depths:4 | Killed from afar by a lich

Illustrated notes

Levels and vault maps discovered:
D:1:      dpeg_arrival_three_bigger_balls, layout_loops_corners
D:2:      layout_loops_corners, amethyst_overflow_temple_binary
D:3:      layout_basic, lemuel_crystal_altar, roderic_roman_lattice,
          uniq_grinder, uniq_natasha
D:4:      layout_gridville, lemuel_crystal_altar, minmay_temple_entry_slanted,
          nicolae_ashenzari_panopticon, uniq_duvessa
D:5:      layout_basic
D:6:      cheibrodos_two_vegetables, layout_basic,
          gammafunk_ghost_nasty_kobolds, serial_shops, shop
D:7:      layout_basic, old_standard_altar, cheibriados_altar_1,
          chequers_serial_rivers_small_3, kennysheep_path_1, uniq_harold
D:8:      layout_rooms, minmay_misc_feat_square
D:9:      layout_cave_pods, grunt_temple_overflow_lords_of_destruction,
          bloody_trog
D:10:     layout_basic, orc_0_dummy, serial_shops, nicolae_shop_stone,
          minmay_unpleasant_kobolds
D:11:     layout_rooms, lair_entry_dummy, enter_bailey_2
D:12:     layout_roguey, amethyst_killhole, zaba_anthell
D:13:     layout_cave_pools, hangedman_vaults_entry_quadrant_bands, basic_altar,
          gauntlet_entry_generic
D:14:     layout_cave_pools, lemuel_doored_altar
D:15:     grunt_enter_depths_snipers, layout_irregular_city,
          serial_park_avenue1, lemuel_nasty_fountain
Temple:   dshaligram_water_room_temple
Lair:1:   layout_misc_corridors, ebering_ghost_funeral_grove,
          hangedman_lair_generics_rect
Lair:2:   minmay_guarded_unrand_snakebite, layout_hall_layers,
          minmay_shoals_entry_beasts, spider_nest_entry_a,
          grunt_forest_stairs_clearing
Lair:3:   layout_chaotic_city, grunt_forest_large_clearing_hut, uniq_rupert,
          uniq_gastronok
Lair:4:   layout_gridlike, chequers_serial_rivers_marsh, serial_bayou_pond_b
Lair:5:   layout_regular_city, lemuel_fruit_tree
Lair:6:   hangedman_lair_caniforms_friends, layout_cave_shapes,
          guppyfry_lair_end_dragon, nicolae_slime_entry_slimehenge, uniq_nessos
Shoals:1: layout_shoals
Shoals:2: layout_shoals, serial_shops, bzr_entry_lakeside, uniq_jorgrun
Shoals:3: layout_shoals
Shoals:4: shoals_end_hangedman, layout_shoals, nicolae_shoals_square_sea_wall
Spider:1: layout_spider_delve
Spider:2: layout_spider_delve, uniq_kirke, uniq_louise
Spider:3: layout_spider_delve, ebering_ghost_xom, uniq_agnes
Spider:4: spider_rune_water, portal_ice_cave_entry_dragon,
          nicolae_spider_stair_cavern, uniq_arachne
Slime:1:  layout_caves
Slime:2:  layout_caves
Slime:3:  layout_caves, nicolae_slime_ancient_tower_intersection
Slime:4:  layout_caves
Slime:5
Orc:1:    layout_caves, uniq_josephine, uniq_maurice
Orc:2:    grunt_orc_gardens, layout_diamond_mine, grunt_orc_garden,
          grunt_orc_garden, grunt_orc_garden, grunt_orc_garden, serial_shops,
          shop
Elf:1:    eino_elf_arrival_customs, layout_loops_cross, minmay_elf_demonology
Elf:2:    layout_onion_city, guppyfry_elf_garden
Elf:3:    grunt_elf_hall_diamonds, layout_gridlike, minmay_shop_star
Vaults:1: v_alt_pattern_2, vaults_dpeg_hooks, dpeg_vaults_monster_box,
          st_diamondy, ontoclasm_vaults_loading_screen, grunt_vaults_bifocal,
          v_misc_4, ontoclasm_vaults_pinch, ontoclasm_vaults_gateway,
          ontoclasm_vaults_fault, grunt_vaults_hallway_short,
          ontoclasm_vaults_twist, v_misc_16, layout_vaults_maze
Vaults:2: hangedman_vaults_slice, v_alt_pattern_4, v_misc_14,
          blue_anna_dwarven_crypt, vaults_dpeg_encased_lava,
          nicolae_vaults_statue_guard, vaults_room_fours, layout_vaults_omnigrid
Vaults:3: ploomutoo_gammafunk_vaults_ghost_potion_laboratory, vaults_room_boxed,
          nicolae_vaults_little_squares_4, ontoclasm_vaults_hangar, v_misc_5,
          v_alt_pattern_3, vaults_mumra_minichess, vaults_room_stairs_pillars,
          nicolae_vaults_gold_heap, vaults_dpeg_ring, hangedman_vaults_impose,
          layout_vaults_omnicross, uniq_boris, uniq_margery
Vaults:4: vaults_room_hangedman_quadrants, vaults_dpeg_diagonal,
          dpeg_vaults_monster_row, vaults_room_ringed_pool, v_misc_16,
          v_misc_30, v_pattern_3, v_alt_pattern_3, v_misc_16,
          nicolae_vaults_little_squares_1, vaults_room_fours,
          vaults_mumra_chevron_long, ontoclasm_vaults_idyll,
          nicolae_vaults_what_the_h, layout_vaults_omnibox, serial_shops, shop,
          nicolae_trove_entry_crossroad
Depths:1: minmay_shoctagon, layout_cave_shapes, enter_ziggurat_a,
          grunt_metal_band, serial_shops, nicolae_shop_waterfront,
          hangedman_abyss_or_decor_passed, hangedman_aviary
Depths:2: kennysheep_scales, layout_cave_pools, pf_vacation_house_of_asmodeus,
          corexii_corridor_pit, serial_shops, bzr_entry_gold,
          rand_demon_pan_entry_9, dk_noncrumbling_3, uniq_sojobo,
          uniq_saint_roka, uniq_asterion
Depths:3: minmay_two_paths, layout_cave_shapes, grunt_pan_entry_spiral,
          hell_entry, mu_enter_wizlab_2, lemuel_statue_altar,
          minmay_misc_feat_rows
Depths:4: minmay_the_grid_triangle_9x9_recursive_3_mashed
          [minmay_the_grid_triangle_9x9_tough_junction,
          minmay_the_grid_triangle_9x9_cache,
          minmay_the_grid_triangle_9x9_alien,
          minmay_the_grid_triangle_9x9_prize_schism,
          minmay_the_grid_triangle_9x9_impossible_snake,
          minmay_the_grid_triangle_9x9_stretched_checkered,
          minmay_the_grid_triangle_9x9_negative_grid,
          minmay_the_grid_triangle_9x9_odd_lines,
          minmay_the_grid_triangle_9x9_dagger], layout_cave_pools,
          nemelex_xobeh_ov_fountains_minmay, abyss_entry, hell_entry, uniq_mara

Skill      XL: |  1  2  3  4  5  6  7  8  9 10 11 12 13 14 15 16 17 18 19 20 21 22 23 |
---------------+----------------------------------------------------------------------+-----
Axes           | 3 4 10 16 | 16.6
Evocations     | 1 2 4 5 6 7 8 9 10 11 12 13 14 | 14.2
Maces & Flails | 1 3 4 6 9 11 12 | 12.2
Armour         | 1 2 4 5 6 7 8 9 10 12 13 14 15 | 15.3
Dodging        | 2 3 4 5 6 7 8 9 10 11 12 13 14 15 | 15.0
Shields        | 1 4 6 7 9 10 11 12 13 14 15 | 15.0
Throwing       | 2 3 |  3.0
Fighting       | 4 6 7 8 9 10 11 12 13 14 15 | 15.8
Invocations    | 2 4 6 7 9 10 12 14 15 | 15.1
Spellcasting   | 1 4 6 8 9 |  9.9
Necromancy     | 2 5 |  5.6
Transmutations | 4 8 |  8.2
Stealth        | |  3.3

Action                   |  1- 3 |  4- 6 |  7- 9 | 10-12 | 13-15 | 16-18 | 19-21 | 22-24 || total
-------------------------+-------+-------+-------+-------+-------+-------+-------+-------++-------
Melee: Hand axe          |    76 |     4 |       |       |       |       |       |       ||    80
       Tailslap          |     7 |    13 |    46 |   150 |   381 |   336 |   608 |   477 ||  2018
       Whip              |       |   147 |   288 |   754 |  1764 |  1937 |  3075 |  1877 ||  9842
       Eveningstar       |       |       |       |       |       |   257 |       |       ||   257
       Demon whip        |       |       |       |       |       |   177 |       |       ||   177
       Broad axe         |       |       |       |       |       |       |       |   379 ||   379
       Kick              |       |       |       |       |       |       |       |    65 ||    65
Throw: Dart              |       |     6 |     1 |    52 |     2 |       |       |       ||    61
       Throwing net      |       |       |       |       |       |       |       |     4 ||     4
Invok: Finesse           |       |       |       |     1 |     3 |     5 |     2 |     2 ||    13
       Heroism           |       |       |       |     1 |       |     3 |     1 |     3 ||     8
 Abil: Rolling Charge    |     2 |     4 |     9 |     2 |    45 |    94 |    56 |    10 ||   222
       Evoke Invisibilit |       |       |     9 |    16 |    21 |    20 |    26 |    19 ||   111
Evoke: Wand              |       |       |    23 |    14 |    23 |    21 |    44 |    60 ||   185
       Lightning rod     |       |       |       |     4 |     9 |     8 |       |       ||    21
       Tin of tremorston |       |       |       |       |       |     4 |    19 |    16 ||    39
       Box of beasts     |       |       |       |       |       |     1 |     6 |     9 ||    16
       Condenser vane    |       |       |       |       |       |     1 |     2 |     1 ||     4
       Phial of floods   |       |       |       |       |       |       |     4 |       ||     4
       Phantom mirror    |       |       |       |       |       |       |     1 |       ||     1
  Use: Scroll            |       |     2 |     5 |    14 |    23 |    13 |    13 |    11 ||    81
       Potion            |       |       |       |     7 |     4 |     1 |     4 |    12 ||    28
 Stab: Sleeping          |     1 |     7 |     3 |     8 |     1 |       |     2 |     6 ||    28
       Invisible         |       |       |    19 |    52 |    92 |    93 |   133 |   137 ||   526
       Paralysed         |       |       |       |     5 |     7 |     2 |    40 |   110 ||   164
       Betrayed ally     |       |       |       |     1 |       |       |       |       ||     1
       Distracted        |       |       |       |       |     2 |       |     1 |     3 ||     6
       Held in net/web   |       |       |       |       |       |       |       |     2 ||     2
Armor: Ring mail         |    33 |    74 |    49 |   100 |   240 |       |       |       ||   496
       Leather armour    |       |       |       |     2 |       |       |       |       ||     2
       Scale mail        |       |       |       |       |    10 |   606 |   397 |   459 ||  1472
Dodge: Dodged            |    38 |    84 |    61 |    89 |   192 |   414 |   451 |   456 ||  1785
Block: Buckler           |       |       |    23 |     2 |       |       |       |       ||    25
       Tower shield      |       |       |       |   440 |  1207 |  1918 |  2142 |  1777 ||  7484

Table legend: (Time is in decaauts)
 A = Elapsed time spent in this place.
 B = Non-inter-level travel time spent in this place.
 C = Inter-level travel time spent in this place.
 D = Time resting spent in this place.
 E = Time spent auto-exploring this place.
 F = Levels seen in this place.
 G = Mean time per level.
                   A        B        C        D        E       F      G
               +--------+--------+--------+--------+--------+-----+--------+
         Total |  47596 |  43223 |   4373 |   6818 |  21605 |  54 |  881.4 |
       Dungeon |  14951 |  13206 |   1745 |   2621 |   7486 |  15 |  996.7 |
        Temple |     18 |     18 |      0 |      0 |      0 |   1 |   18.0 |
          Lair |   7994 |   7056 |    938 |   1753 |   3319 |   6 | 1332.3 |
        Shoals |   2797 |   2587 |    210 |     15 |   1489 |   4 |  699.2 |
   Spider Nest |   3303 |   3133 |    170 |    348 |   1749 |   4 |  825.8 |
    Slime Pits |   2271 |   2227 |     44 |    971 |    227 |   5 |  454.2 |
  Orcish Mines |   1536 |   1367 |    169 |     51 |    817 |   2 |  768.0 |
   Elven Halls |   3807 |   3417 |    390 |    270 |   1760 |   3 | 1269.0 |
        Vaults |   5506 |   4847 |    659 |    201 |   2718 |   4 | 1376.5 |
        Depths |   3198 |   3152 |     46 |    238 |   1389 |   4 |  799.5 |
        Bazaar |    301 |    301 |      0 |      0 |    168 |   2 |  150.5 |
        Bailey |    463 |    463 |      0 |     19 |    175 |   1 |  463.0 |
      Ice Cave |    208 |    208 |      0 |      0 |      9 |   1 |  208.0 |
        Wizlab |    665 |    665 |      0 |    170 |    149 |   1 |  665.0 |
      Gauntlet |    572 |    572 |      0 |    160 |    149 |   1 |  572.0 |
               +--------+--------+--------+--------+--------+-----+--------+

Top non-repeatable levels by time:
  Lair:6: 2346 daAuts
     D:6: 1852 daAuts
Vaults:3: 1512 daAuts
Vaults:2: 1384 daAuts
    D:10: 1368 daAuts
   Elf:3: 1366 daAuts
Vaults:4: 1329 daAuts
    D:11: 1321 daAuts
   Elf:2: 1301 daAuts
  Lair:4: 1299 daAuts
Vaults:1: 1279 daAuts
     D:2: 1214 daAuts
  Lair:1: 1201 daAuts
  Lair:2: 1163 daAuts
  Lair:3: 1147 daAuts
